 Dungeon Crawl Stone Soup version 0.30-a0-422-g946f4849ff (console) character file.

Game seed: 6839930049169222768

3031 MakMorn the Protected (level 9, 0/79 HPs)
             Began as an Armataur Fighter on Dec 9, 2022.
             Was an Elder of Nemelex Xobeh.
             Slain by an orc warrior
             ... wielding a +0 glaive
              (1 damage)
             ... on level 8 of the Dungeon.
             The game lasted 00:20:38 (8067 turns).

MakMorn the Protected (Armataur Fighter)            Turns: 8067, Time: 00:20:39

Health: 0/79       AC: 12    Str: 26    XL:     9   Next: 56%
Magic:  11/11      EV:  6    Int:  9    God:    Nemelex Xobeh [****..]
Gold:   219        SH:  5    Dex:  9    Spells: 8/8 levels left

rFire   . . .      SeeInvis .    a - +1 war axe
rCold   + . .      Faith    .    c - +0 buckler
rNeg    . . .      Spirit   .    q - +1 chain mail of Gravitas {rC+ rCorr}
rPois   +          Reflect  .    (no helmet)
rElec   .          Harm     .    r - +0 cloak
rCorr   +          Roll     +    (no gloves)
Will    .....                    (no barding)
Stlth   ..........               (no amulet)
HPRegen 0.33/turn                P - ring of poison resistance
MPRegen 0.12/turn                (no ring)

@: no status effects
A: large, rugged brown scales 3, deformed body, armoured tail, roll, long
tongue, awkward tongue
a: Renounce Religion, Draw Escape, Draw Destruction, Draw Summoning, Triple
Draw, Deal Four


You were on level 8 of the Dungeon.
You worshipped Nemelex Xobeh.
Nemelex Xobeh was greatly pleased with you.
You visited 1 branch of the dungeon, and saw 8 of its levels.
You also visited: Ossuary.

You collected 466 gold pieces.
You spent 247 gold pieces at shops.

Inventory:

Hand Weapons
 a - a +1 war axe (weapon)
 B - a +1 spear of venom
 C - a +2 flail of holy wrath
 H - a +2 whip of electrocution
 I - a +0 antimagic spear
Missiles
 e - 91 stones (quivered)
 u - 7 poisoned darts
 A - 4 throwing nets
Armour
 b - a +1 scale mail
 c - a +0 buckler (worn)
 q - the +1 chain mail of Gravitas (worn) {rC+ rCorr}
   (You bought it in a shop on level 7 of the Dungeon)

   rC:        It protects you from cold.
   rCorr:     It protects you from acid and corrosion.
 r - a +0 cloak (worn)
 D - a +0 plate armour
Magical Staves
 y - a staff of air
Jewellery
 P - a ring of poison resistance (left hand)
Wands
 d - a wand of digging (4)
 p - a wand of polymorph (9)
 t - a wand of acid (7)
Scrolls
 g - 3 scrolls of summoning
 l - a scroll of magic mapping
 o - 2 scrolls of fog
 s - 4 scrolls of teleportation
 v - 3 scrolls of enchant armour
 E - 2 scrolls of identify
Potions
 f - 4 potions of berserk rage
 h - 4 potions of haste {unknown}
 i - 2 potions of cancellation
 j - 3 potions of flight
 k - a potion of mutation {unknown}
 m - a potion of heal wounds {unknown}
 n - a potion of brilliance {unknown}
 w - a potion of ambrosia
 x - 4 potions of curing {unknown}
 z - a potion of magic
 F - 2 potions of degeneration {unknown}
 G - a potion of might


   Skills:
 * Level 5.0 Fighting
 * Level 7.6 Axes
 * Level 8.3 Armour
 * Level 1.5 Dodging
 * Level 5.4 Shields
 * Level 3.9 Invocations


You had 8 spell levels left.
You didn't know any spells.
Your spell library contained the following spells:

 Spells                   Type           Power      Damage    Failure   Level
 Slow                     Hex            0%         N/A       94%         1
 Summon Small Mammal      Summ           0%         N/A       94%         1
 Call Canine Familiar     Summ           0%         N/A       100%        3
 Confusing Touch          Hex            0%         N/A       100%        3
 Summon Guardian Golem    Hex/Summ       0%         N/A       100%        3
 Vampiric Draining        Necr           0%         2d6       100%        3


Dungeon Overview and Level Annotations

Branches:
Dungeon (8/15)             Temple (0/1) D:7         Ossuary (visited)
   Lair: D:8-11

Altars:
Dithmenos
Elyvilon
Makhleb
Nemelex Xobeh
Okawaru
Uskayaw
Xom

Shops:
D:3 (   D:7 [


Innate Abilities, Weirdness & Mutations

You are completely covered in rugged brown scales. (AC +3, +7% HP)
Armour fits poorly on your strangely shaped body.
You have a long armoured tail.
You roll when moving toward enemies. (Rampage)
Your long tongue fully drains potion bottles. (2x potion effects)
Your tongue gives you trouble enunciating. (1.5x scroll delay)


Message History

The orc warrior is lightly wounded.
You slash something!
The orc warrior hits you with a +0 glaive!
You hear some strange, mumbled words.
A magic dart appears from out of thin air!
The magic dart hits you.
You hit the orc warrior.
The orc warrior is lightly wounded.
You miss something. The orc warrior closely misses you. Something hits you.
You barely miss the orc warrior.
Your tail-slap misses the orc warrior.
The orc warrior is lightly wounded.
You miss something. The orc warrior barely misses you.
Something hits you but does no damage.
You closely miss the orc warrior. You tail-slap the orc warrior.
The orc warrior is moderately wounded.
You closely miss something.
The orc warrior hits you with a +0 glaive.
* * * LOW HITPOINT WARNING * * *
Something hits you but does no damage.
You hit the orc warrior but do no damage.
The orc warrior is moderately wounded.
You hit something.
The orc warrior hits you with a +0 glaive!
* * * LOW HITPOINT WARNING * * *
Something hits you but does no damage.
You slash the orc warrior!
The orc warrior is heavily wounded.
You closely miss something. Something hits you but does no damage.
The orc warrior hits you with a +0 glaive.
* * * LOW HITPOINT WARNING * * *
You slash the orc warrior! You tail-slap the orc warrior.
The orc warrior is almost dead.
You closely miss something.
You hear some strange, mumbled words.
A puff of flame appears from out of thin air!
The puff of flame hits you!
* * * LOW HITPOINT WARNING * * *
The orc warrior hits you with a +0 glaive.
You die...
Your body glows slightly and disappears.

#### .....
#...#################
#...o@...:..........#
#...{##############.#
#.... #.## #.... #.#.
#.... #####.#. #....
#.....#. ####.
#.#####. #. #.#....<
#.#.####


You could see an orc warrior.

Vanquished Creatures
  A two-headed ogre (D:5)
  A steam dragon (D:7)
  2 ice beasts (D:7)
  3 sky beasts
  2 black bears (D:5)
  3 ogres
  A phantom (D:6)
  An elf zombie (Ossuary)
  A necrophage (D:6)
  3 scorpions
  2 centaur zombies (Ossuary)
  A gnoll bouda (D:5)
  3 orc priests
  3 hounds
  Ijyb (D:4)
  3 iguanas (D:5)
  An orc wizard (D:5)
  2 mummies (Ossuary)
  11 gnolls
  10 adders
  A shadow imp (D:6)
  2 white imps
  An ufetubus (D:6)
  An adder zombie (Ossuary)
  A worm (D:2)
  A dart slug (D:2)
  17 orcs
  4 endoplasms
  4 giant cockroaches
  12 goblins
  8 hobgoblins
  3 jackals (D:1)
  11 kobolds
  5 quokkas
  7 ball pythons
  3 bats
  7 frilled lizards
  A goblin zombie (Ossuary)
  12 hobgoblin zombies (Ossuary)
  3 jackal zombies (Ossuary)
  8 kobold zombies (Ossuary)
  7 orc zombies (Ossuary)
  8 rats
  2 rat zombies (Ossuary)
184 creatures vanquished.

Vanquished Creatures (collateral kills)
  A gnoll sergeant (D:6)
  A gnoll bouda (D:7)
  2 orc wizards (D:7)
  An adder (D:5)
  10 gnolls
  3 orcs (D:7)
18 creatures vanquished.

Vanquished Creatures (others)
  A plant (D:1)
1 creature vanquished.

Grand Total: 203 creatures vanquished

Notes
Turn   | Place    | Note
-------+----------+-------------------------------------------
     0 | D:1      | MakMorn the Armataur Fighter began the quest for the Orb.
     0 | D:1      | Reached XP level 1. HP: 19/19 MP: 1/1
   136 | D:1      | Reached XP level 2. HP: 25/26 MP: 2/2
   386 | D:1      | Reached XP level 3. HP: 32/32 MP: 3/3
   831 | D:2      | Found a faded altar of an unknown god.
   851 | D:2      | Prayed at the altar of an unknown god.
   851 | D:2      | Became a worshipper of Nemelex Xobeh the Trickster
   851 | D:2      | Reached * piety under Nemelex Xobeh
  1107 | D:2      | Reached XP level 4. HP: 31/39 MP: 4/4
  1669 | D:3      | Received a gift from Nemelex Xobeh
  1693 | D:3      | Reached XP level 5. HP: 27/44 MP: 5/5
  2072 | D:3      | Reached ** piety under Nemelex Xobeh
  2143 | D:3      | Found Vigh's Weapon Shop.
  2308 | D:3      | Reached skill level 4 in Armour
  2589 | D:4      | Noticed Ijyb
  2599 | D:4      | Killed Ijyb
  2701 | D:4      | Noticed an ogre
  2710 | D:4      | Killed an ogre
  2711 | D:4      | Reached skill level 1 in Invocations
  2711 | D:4      | Reached XP level 6. HP: 54/54 MP: 6/6
  3664 | D:5      | Entered Level 5 of the Dungeon
  4053 | D:5      | Received a gift from Nemelex Xobeh
  4070 | D:5      | Noticed a two-headed ogre
  4080 | D:5      | Killed a two-headed ogre
  4081 | D:5      | Reached skill level 5 in Axes
  4081 | D:5      | Reached skill level 6 in Armour
  4081 | D:5      | Reached skill level 1 in Dodging
  4081 | D:5      | Reached XP level 7. HP: 62/62 MP: 6/8
  4081 | D:5      | Reached XP level 8. HP: 70/70 MP: 6/9
  4423 | D:5      | Reached *** piety under Nemelex Xobeh
  4743 | D:5      | Reached skill level 7 in Armour
  5211 | D:5      | Found a shimmering altar of Xom.
  5223 | D:5      | Found a white marble altar of Elyvilon.
  5337 | D:5      | Found a burning altar of Makhleb.
  6366 | D:6      | Reached skill level 5 in Shields
  6366 | D:6      | Reached XP level 9. HP: 67/77 MP: 11/11
  6576 | D:6      | Found an iron altar of Okawaru.
  6621 | D:6      | Found a hide-covered altar of Uskayaw.
  6631 | D:6      | Found a shadowy altar of Dithmenos.
  6767 | D:7      | Found Dohohut's Antique Armour Shop.
  6795 | D:7      | Reached skill level 8 in Armour
  6795 | D:7      | Received a gift from Nemelex Xobeh
  6795 | D:7      | Found a staircase to the Ecumenical Temple.
  6797 | D:7      | Bought a transparent chain mail for 247 gold pieces
  6797 | D:7      | Identified the +1 chain mail of Gravitas {rC+ rCorr} (You
                  | bought it in a shop on level 7 of the Dungeon)
  6954 | D:7      | Reached **** piety under Nemelex Xobeh
  6969 | D:7      | Found a sand-covered staircase.
  6990 | Ossuary  | Entered an ossuary
  7576 | D:7      | Reached skill level 5 in Fighting
  7647 | D:7      | HP: 3/79 [something (15)]
  8067 | D:8      | HP: 1/79 [something/puff of flame (7)]
  8067 | D:8      | Slain by an orc warrior

Illustrated notes

Levels and vault maps discovered:
D:1:      giann_wishing_wells, layout_rooms, serial_bayou_ford_a
D:2:      layout_basic, basic_ecumenical_altar
D:3:      layout_basic, serial_shops, shop, minmay_strange_pillars
D:4:      layout_basic, minmay_goblin_outpost, uniq_ijyb
D:5:      kennysheep_six_static_rooms, layout_basic, mainiacjoe_overflow_swirl,
          makhleb_heckhound_becter
D:6:      layout_loops_corners, amethyst_overflow_temple_binary,
          lemuel_doored_altar
D:7:      layout_gridville, minmay_temple_entry_glass,
          nicolae_ossuary_entry_monument, serial_shops, shop, st_stairs_14,
          minivault_11, kennysheep_generic_room_14
D:8:      layout_basic, wad_dig_loot

Skill      XL: |  1  2  3  4  5  6  7  8  9 |
---------------+----------------------------+-----
Axes           | 2 3 4 5 6 7 |  7.6
Armour         | 4 6 7 8 |  8.3
Fighting       | 3 4 5 |  5.0
Invocations    | 1 2 3 |  3.9
Dodging        | 1 |  1.5
Shields        | 4 5 |  5.4

Action                   |  1- 3 |  4- 6 |  7- 9 || total
-------------------------+-------+-------+-------++-------
Melee: War axe           |   107 |   118 |   307 ||   532
       Tailslap          |     8 |    14 |    36 ||    58
Invok: Draw Destruction  |       |     4 |     2 ||     6
       Draw Summoning    |       |     2 |     3 ||     5
       Draw Escape       |       |       |     1 ||     1
  Use: Scroll            |       |     3 |    12 ||    15
 Stab: Distracted        |       |     1 |       ||     1
Armor: Scale mail        |    53 |    70 |    83 ||   206
       Chain mail        |       |       |    74 ||    74
Dodge: Dodged            |    38 |    41 |    91 ||   170
Block: Buckler           |    23 |    19 |    51 ||    93

Table legend: (Time is in decaauts)
 A = Elapsed time spent in this place.
 B = Non-inter-level travel time spent in this place.
 C = Inter-level travel time spent in this place.
 D = Time resting spent in this place.
 E = Time spent auto-exploring this place.
 F = Levels seen in this place.
 G = Mean time per level.
                   A        B        C        D        E       F      G
               +--------+--------+--------+--------+--------+-----+--------+
         Total |   8218 |   7788 |    430 |   1000 |   4978 |   9 |  913.1 |
       Dungeon |   7839 |   7409 |    430 |    949 |   4907 |   8 |  979.9 |
       Ossuary |    379 |    379 |      0 |     51 |     71 |   1 |  379.0 |
               +--------+--------+--------+--------+--------+-----+--------+

Top non-repeatable levels by time:
     D:5: 1721 daAuts
     D:4: 1405 daAuts
     D:6: 1130 daAuts
     D:2: 1025 daAuts
     D:3: 967 daAuts
     D:7: 836 daAuts
     D:1: 664 daAuts
 Ossuary: 379 daAuts
     D:8: 88 daAuts
